 Seeded DCSS version 0.29.1-15-g9cfb28693d (webtiles) character file.

Game seed: 14669342937109275278 (custom seed)

30 Psyclone the Firebug (level 3, 19/19 HPs)
             Began as a Deep Elf Fire Elementalist on Sept 27, 2023.
             Quit the game on level 1 of the Dungeon.
             The game lasted 00:01:54 (741 turns).

Psyclone the Firebug (Deep Elf Fire Elementalist)    Turns: 741, Time: 00:01:54

Health: 19/19      AC:  2    Str:  1    XL:     3   Next: 5%
Magic:  10/10      EV: 12    Int: 21    God:
Gold:   27         SH:  0    Dex: 15    Spells: 8/9 levels left

rFire   + . .      SeeInvis .   g - staff of conjuration
rCold   + . .      Faith    .   (no shield)
rNeg    + + +      Spirit   .   a - +0 robe
rPois   .          Reflect  .   (no helmet)
rElec   .          Harm     .   (no cloak)
rCorr   .          Rampage  .   (no gloves)
Will    .....                   (no boots)
Stlth   ++........              (no amulet)
HPRegen 0.06/turn               d - ring "Imomil" {rF+ rC+ rN+++ Str-4}
MPRegen 0.12/turn               (no ring)

@: no status effects
A: no striking features
a: no special abilities


You were on level 1 of the Dungeon.
You visited 1 branch of the dungeon, and saw 3 of its levels.

You collected 27 gold pieces.

Inventory:

Armour
 a - a +0 robe (worn)
Magical Staves
 g - a staff of conjuration (weapon)
Jewellery
 d - the ring "Imomil" (left hand) {rF+ rC+ rN+++ Str-4}
   (You found it on level 3 of the Dungeon)

   [ring of protection from cold]

   Str:       It affects your strength (-4).
   rF:        It protects you from fire.
   rC:        It protects you from cold.
   rN:        It renders you almost immune to negative energy.
Scrolls
 c - a scroll of immolation {unknown}
Potions
 b - a potion of magic
 e - a potion of lignification {unknown}
 f - 2 potions of heal wounds {unknown}
 h - a potion of flight {unknown}


   Skills:
 - Level 2.4 Dodging
 - Level 2.4 Stealth
 + Level 3.7 Spellcasting
 + Level 2.1 Conjurations
 + Level 3.8 Fire Magic


You had 8 spell levels left.
You knew the following spells:

 Your Spells              Type           Power      Damage    Failure   Level
a - Foxfire               Conj/Fire      96%        2x1d8     3%          1

Your spell library contained the following spells:

 Spells                   Type           Power      Damage    Failure   Level
 Scorch                   Fire           40%        2d7       3%          2
 Conjure Flame            Conj/Fire      24%        6-21      11%         3
 Inner Flame              Hex/Fire       11%        N/A       17%         3
 Flame Wave               Conj/Fire      24%        2d8       36%         4


Dungeon Overview and Level Annotations

Branches:
Dungeon (3/15) Zot: 17259

Altars:


Message History

Your foxfire dissipates!
Your foxfire dissipates!
You see here a +0 short sword.
Key pressed, stopping explore.
A goblin comes into view. It is wielding a +0 dagger.
MP restored: 10 A goblin is nearby!
A goblin is nearby!
Casting: Foxfire (safe; 3% risk of failure)
Confirm with . or Enter, or press ? or * to list all spells.
You feel a surge of power!
You conjure some foxfire!
You now have 9/10 mp.
Casting: Foxfire (safe; 3% risk of failure)
Confirm with . or Enter, or press ? or * to list all spells.
You feel a surge of power!
You conjure some foxfire!
You now have 8/10 mp.
Casting: Foxfire (safe; 3% risk of failure)
Confirm with . or Enter, or press ? or * to list all spells.
You feel a surge of power!
You conjure some foxfire!
You now have 7/10 mp.
Casting: Foxfire (safe; 3% risk of failure)
Confirm with . or Enter, or press ? or * to list all spells.
You feel a surge of power!
You conjure some foxfire!
Your foxfire dissipates!
The foxfire hits the goblin!
You kill the goblin!
You now have 6/10 mp.
Casting: Foxfire (safe; 3% risk of failure)
Confirm with . or Enter, or press ? or * to list all spells.
You feel a surge of power!
You conjure some foxfire!
Your foxfire dissipates! x2
You now have 5/10 mp.
Your foxfire dissipates!
Your foxfire dissipates!
Your foxfire dissipates!
Things that are here:
a +0 dagger; a goblin corpse A dart slug comes into view.
MP restored: 10 Are you sure you want to abandon this character and quit the game? (Confirm with "yes".)

........# #.....##..
#.## ........#
#......... #[##
........#####.....# #.
........#.....).###
........#.......# #
........#.......#####...
#
†.......................
.......##.......#######.
.......##.......@.......
####)...#...............
# #....######..........
# #....# #.......... .
#....# ........... #.
#....# ............
#....# #............
.....# ..........w.#
.....#


You could see a dart slug (asleep).

Vanquished Creatures
  2 adders (D:2)
  A worm (D:1)
  An endoplasm (D:1)
  2 giant cockroaches (D:1)
  A goblin (D:1)
  A hobgoblin (D:1)
  A frilled lizard (D:1)
  A kobold (D:3)
  A rat (D:1)
11 creatures vanquished.

Vanquished Creatures (others)
  67 foxfires
67 creatures vanquished.

Grand Total: 78 creatures vanquished

Notes
Turn   | Place    | Note
-------+----------+-------------------------------------------
     0 | D:1      | Psyclone the Deep Elf Fire Elementalist began the quest for
                  | the Orb.
     0 | D:1      | Reached XP level 1. HP: 10/10 MP: 6/6
   123 | D:2      | Reached XP level 2. HP: 15/15 MP: 4/8
   232 | D:3      | Identified the ring "Imomil" {rF+ rC+ rN+++ Str-4}
   328 | D:3      | Identified a scroll of acquirement
   328 | D:3      | Acquired a staff of conjuration
   649 | D:1      | Reached XP level 3. HP: 19/19 MP: 6/10
   741 | D:1      | Quit the game

Illustrated notes

Levels and vault maps discovered:
D:1:      dpeg_arrival_brainrot, layout_basic, serial_shops, shop_coins
D:2:      layout_basic, uniq_jessica
D:3:      wander_river, layout_basic, serial_shops, nicolae_shop_trees,
          minivault_5, minmay_strange_pillars

Skill      XL: |  1  2 |
---------------+-------+-----
Conjurations   | 2 |  2.1
Dodging        | |  2.4
Stealth        | |  2.4
Spellcasting   | |  3.7
Fire Magic     | |  3.8

Action                   || total
-------------------------++-------
 Cast: Foxfire           ||    38
  Use: Scroll            ||     1
